 Dungeon Crawl Stone Soup version 0.26-a0-611-g354ed81502 (webtiles) character file.

Game seed: 4847838878082632588

175 MrRokkomies the Digger (level 5, 0/31 HPs)
             Began as an Octopode Earth Elementalist on Sept 7, 2020.
             Slain by a hound (6 damage)
             ... on level 3 of the Dungeon.
             The game lasted 00:05:13 (4199 turns).

MrRokkomies the Digger (OpEE)                       Turns: 4199, Time: 00:05:14

Health: 0/31       AC:  1    Str:  7    XL:     5   Next: 55%
Magic:  8/9        EV: 14    Int: 18    God:
Gold:   160        SH:  0    Dex: 13    Spells: 3/9 levels left

rFire    . . .     SeeInvis .   a - +2 dagger (flame)
rCold    . . .     Faith    .   (no shield)
rNeg     . . .     Spirit   .   (helmet restricted)
rPois    .         Reflect  .   (no amulet)
rElec    .         Harm     .   n - ring of resist corrosion (curse)
rCorr    +                      (no ring)
MR       .....                  (no ring)
Stlth    +++.......             (no ring)
HPRegen  0.10/turn              (no ring)
MPRegen  0.11/turn              (no ring)
                                (no ring)
                                (no ring)

@: no status effects
A: almost no armour, stealthy swim, amphibious, 8 rings, constrict 8, camouflage
1, gelatinous body 1
a: no special abilities


You were on level 3 of the Dungeon.
You visited 1 branch of the dungeon, and saw 4 of its levels.

You collected 160 gold pieces.

Inventory:

Hand Weapons
 a - a +2 dagger of flaming (weapon)
Missiles
 b - 81 stones
 c - 28 poisoned darts (quivered)
Jewellery
 n - a cursed ring of resist corrosion (left tentacle)
Wands
 i - a wand of random effects (5)
Scrolls
 f - 2 scrolls of blinking
 p - a scroll of immolation
Potions
 d - a potion of haste
 e - a potion of ambrosia
 h - a potion of heal wounds
 j - 2 potions of invisibility
 k - a potion of brilliance
 l - a potion of stabbing {unknown}
 m - a potion of might {unknown}
 o - 2 potions of curing


   Skills:
 * Level 3.6 Dodging
 + Level 3.9 Stealth
 + Level 2.7 Spellcasting
 - Level 1.0 Transmutations
 * Level 4.2 Earth Magic


You had 3 spell levels left.
You knew the following spells:

 Your Spells              Type           Power        Failure   Level
a - Sandblast             Erth           ###...       3%          1
b - Passwall              Tmut/Erth      ##......     9%          2
c - Stone Arrow           Conj/Erth      ##....       22%         3

Your spell library contained the following spells:

 Spells                   Type           Power        Failure   Level
 Animate Skeleton         Necr           #.....       17%         1
 Apportation              Tloc           #.....       17%         1
 Corona                   Hex            #......      17%         1
 Summon Small Mammal      Summ           #...         17%         1
 Petrify                  Tmut/Erth      ##......     50%         4
 Lee's Rapid Deconstruct  Erth           ###.......   63%         5


Dungeon Overview and Level Annotations

Branches:
Dungeon (4/15)
 Temple: D:4-7

Altars:
Ru

Annotations:
D:3 2 transporters, Askman's ghost, amateur HOMo
D:4 Dowan; Duvessa


Innate Abilities, Weirdness & Mutations

You cannot wear most types of armour.
You are very stealthy in the water. (Stealth+)
You are amphibious.
You can wear up to eight rings at the same time.
You can use your tentacles to constrict eight enemies at once.
Your skin changes colour to match your surroundings (Stealth+).
Your rubbery body absorbs attacks. (AC +1, EV +1)


Message History

An iguana comes into view.
There is a stone staircase leading up here.
Dowan gestures at you while chanting. The puff of frost hits you.
* * * LOW HITPOINT WARNING * * *
The hound bites you.
* * * LOW HITPOINT WARNING * * *
Duvessa says, "Practise, practise, practise!
One day you'll be as good as me."
You climb upwards.
Level annotation: 2 transporters, Askman's ghost, amateur HOMo
There is a stone staircase leading down here.
Casting: Sandblast (safe; 3% risk of failure)
Confirm with . or Enter, or press ? or * to list all spells.
Aiming: Sandblast (safe; 3% risk of failure)
Press: ? - help, Shift-Dir - straight line, f - hound
Aim: a hound (moderately wounded)
The blast of sand misses the hound.
b - 81 stones The hound bites you.
You die...

......# #.##.#..#######
#..##### ......#
#.##.#..# #####.......
.....##
#.......#####....#.#####
.....#
####...)......##.#.# ##
.....#
#.....#.#..#..#.####.
#....#
#.#...#....#.##....#.
#....#
#..<..#.#.##[..###.#.
#....# ####h##.#.####.#
#.#. #....#
#@...#.####.# #...
#....# #####..#......#
##.# ######
#......###########.#
#.####.............#
#...................
###################. #.
#. #.


You could see a hound.

Vanquished Creatures
  An orc priest (D:2)
  3 gnolls (D:3)
  3 adders
  2 oozes
  3 worms
  A dart slug (D:2)
  2 leopard geckos
  3 orcs
  7 giant cockroaches
  12 goblins
  5 hobgoblins
  2 jackals (D:3)
  3 quokkas
  2 bats (D:1)
  3 frilled lizards
  9 kobolds
  4 rats
65 creatures vanquished.

Vanquished Creatures (others)
  A dart slug (D:2)
1 creature vanquished.

Grand Total: 66 creatures vanquished

Notes
Turn   | Place    | Note
-------+----------+-------------------------------------------
     0 | D:1      | MrRokkomies the Octopode Earth Elementalist began the quest
                  | for the Orb.
     0 | D:1      | Reached XP level 1. HP: 11/11 MP: 3/3
   394 | D:1      | Reached XP level 2. HP: 16/17 MP: 5/5
  1064 | D:1      | Reached XP level 3. HP: 13/21 MP: 6/6
  1560 | D:2      | HP: 1/21 [ooze (1)]
  2176 | D:2      | Reached XP level 4. HP: 10/27 MP: 4/7
  3106 | D:3      | Learned a level 2 spell: Passwall
  3110 | D:3      | Learned a level 3 spell: Stone Arrow
  3177 | D:3      | Reached skill level 4 in Earth Magic
  3177 | D:3      | Reached XP level 5. HP: 31/31 MP: 6/8
  3597 | D:3      | Noticed Askman's ghost (amateur HOMo)
  3616 | D:3      | Found a transporter.
  3795 | D:3      | Found a sacrificial altar of Ru.
  3933 | D:3      | Found a transporter.
  4189 | D:4      | Noticed Dowan
  4190 | D:4      | Noticed Duvessa
  4199 | D:3      | Slain by a hound

Illustrated notes

Levels and vault maps discovered:
D:1:      dpeg_arrival_rooms_a, layout_loops_corners
D:2:      layout_rooms, lemuel_flame_loot_1
D:3:      layout_basic, gammafunk_ghost_mausoleum, hangedman_ru_absence
D:4:      layout_basic, minmay_temple_entry_slanted, uniq_eustachio,
          uniq_duvessa

Skill      XL: |  1  2  3  4 |
---------------+-------------+-----
Stealth        | 3 |  3.9
Dodging        | 3 |  3.6
Earth Magic    | 4 |  4.2
Spellcasting   | |  2.7
Transmutations | |  1.0

Action                   |  1- 3 |  4- 6 || total
-------------------------+-------+-------++-------
Melee: Dagger            |     9 |    65 ||    74
       Unarmed           |     6 |       ||     6
       Constrict         |    16 |    13 ||    29
       Tentacles         |    12 |    10 ||    22
       Short sword       |    45 |       ||    45
Throw: Throwing net      |       |     1 ||     1
 Cast: Sandblast         |    16 |    18 ||    34
  Use: Scroll            |     5 |     7 ||    12
 Stab: Sleeping          |     6 |     5 ||    11
       Held in net/web   |       |     1 ||     1
Armor: Skin              |     4 |     2 ||     6
Dodge: Dodged            |    54 |    51 ||   105

Table legend: (Time is in decaauts)
 A = Elapsed time spent in this place.
 B = Non-inter-level travel time spent in this place.
 C = Inter-level travel time spent in this place.
 D = Time resting spent in this place.
 E = Time spent auto-exploring this place.
 F = Levels seen in this place.
 G = Mean time per level.
                   A        B        C        D        E       F      G
               +--------+--------+--------+--------+--------+-----+--------+
         Total |   4206 |   4109 |     97 |    477 |   3120 |   4 | 1051.5 |
       Dungeon |   4206 |   4109 |     97 |    477 |   3120 |   4 | 1051.5 |
               +--------+--------+--------+--------+--------+-----+--------+

Top non-repeatable levels by time:
     D:1: 2075 daAuts
     D:3: 1105 daAuts
     D:2: 1013 daAuts
     D:4: 11 daAuts
